cohdb
Replays
Latest Replays
All Replays
Popular Replays
Top Player Replays
Match Explorer
How It Works
Community
CoH3 Stats
Reddit
Sign in to upload your games and track your stats! →
Sign in with Steam
Match 42659801
Unlisted
Match 42659801
Overview
Messages
Build Orders
End
Construct Infanterie Kompanie
Selects Mechanized Battlegroup
Grenadier Squad
MG 42 Machine Gun Team
Grenadier Squad
Medical Station
MG 42 Machine Gun Team
Construct Panzergrenadier Kompanie
Selects Mobile Repair Stations
251 Medium Carrier
Panzergrenadier Squad
Makketsai
Mecska
KnJaz
-{CAA}- Nescafee
-{CAA}- Akvavi
Fredsch
0
0
Comments
sign in to comment!
No comments posted yet!